Map: Acropolis LE

Players

Mez - Winner!

  • Race: Terran Terran
  • League: Master
  • Spawn Location: 5:00

Slimer

  • Race: Terran Terran
  • League: Master
  • Spawn Location: 11:00

VOD

Have the link to the VOD?

Description

Time

  • Played on: Aug. 22, 2019, 4:05 p.m.
  • Length: 12:18
Show
View Real Time Build Order
Export as new Build Order

Mez Terran - Winner!

Build Orders: Reaper Expand 

Get SALT Encoding   

  12  0:00  SCV  
  13  0:12  SCV  
  14  0:17  Supply Depot  
  14  0:25  SCV  
  15  0:38  SCV  
  15  0:39  Barracks  
  16  0:44  Refinery  
  16  0:50  SCV  
  17  1:02  SCV  
  18  1:15  SCV  
  19  1:27  Orbital Command  
  19  1:28  Reaper  
  20  1:40  Command Center  
  20  1:49  Supply Depot  
  20  1:53  SCV  
  21  2:00  Marine  
  22  2:06  Refinery  
  22  2:07  SCV  
  23  2:13  Factory  
  23  2:19  SCV  
  23  2:22  Barracks Reactor  
  24  2:35  SCV  
  25  2:50  SCV  
  26  2:53  Orbital Command  
  26  2:58  Starport  
  26  3:04  Hellion x2, Barracks Tech Lab  
  30  3:06  SCV  
  31  3:18  SCV  
  30  3:34  Hellion x2  
  33  3:35  Marauder, Concussive Shells  
  33  3:36  Medivac  
  33  3:41  SCV x2  
  39  3:53  SCV x2  
  41  4:02  Hellion, Marauder  
  45  4:04  Supply Depot  
  45  4:05  SCV  
  46  4:14  Starport Reactor  
  46  4:16  Starport Reactor  
  46  4:25  SCV x2, Viking  
  46  4:30  Supply Depot  
  50  4:32  Stimpack  
  50  4:37  SCV x2  
  52  4:39  Barracks  
  52  4:40  Barracks  
  52  4:41  Factory Reactor  
  52  4:45  Marine  
  53  4:49  SCV  
  53  4:51  SCV  
  55  5:01  SCV  
  55  5:04  SCV  
  46  5:18  Marine  
  42  5:22  SCV x2, Starport Reactor  
  42  5:25  Supply Depot  
  42  5:27  Command Center, Refinery  
  44  5:28  Factory Tech Lab  
  44  5:29  Refinery  
  44  5:32  Engineering Bay  
  44  5:33  Engineering Bay  
  44  5:34  SCV x2  
  46  5:44  Marine  
  46  5:45  Marine x4  
  46  5:47  Siege Tank  
  54  5:50  SCV x2  
  56  5:59  Supply Depot  
  56  6:00  Terran Infantry Armor Level 1, Terran Infantry Weapons Level 1  
  56  6:01  Marine  
  56  6:03  Marine x3, SCV x2  
  62  6:10  Marine  
  63  6:11  Medivac x2  
  63  6:15  SCV  
  63  6:16  SCV  
  69  6:21  Siege Tank  
  72  6:28  SCV  
  72  6:29  Supply Depot  
  72  6:32  SCV, Supply Depot  
  72  6:33  Marine  
  72  6:34  Marine x3  
  76  6:40  SCV  
  76  6:45  Medivac x2  
  81  6:47  Marine  
  81  6:52  Combat Shield  
  81  6:53  Siege Tank  
  85  6:57  SCV x2  
  85  6:59  Marine x4  
  91  7:04  Supply Depot  
  91  7:05  Marine, Supply Depot  
  91  7:06  Supply Depot  
  92  7:15  Barracks  
  92  7:17  Marine, Barracks  
  92  7:21  Marine x3  
  96  7:25  Marine  
  96  7:26  Medivac x2  
  96  7:27  Siege Tank  
  104  7:32  SCV x2  
  104  7:34  Orbital Command  
  106  7:41  Supply Depot  
  106  7:42  Supply Depot  
  106  7:46  SCV x2  
  108  7:58  SCV  
  99  8:08  Marine x7  
  99  8:15  Siege Tank  
  99  8:18  Medivac x2  
  99  8:19  SCV x3  
  96  8:25  Marine  
  96  8:26  Marine x4  
  103  8:30  Barracks Reactor  
  103  8:31  Barracks Reactor  
  103  8:32  Armory  
  103  8:33  SCV x2  
  103  8:36  Factory  
  103  8:39  SCV  
  103  8:42  Supply Depot  
  103  8:43  Marine, Supply Depot  
  103  8:45  SCV  
  99  9:08  Marine x9  
  108  9:10  Siege Tank  
  111  9:17  Barracks  
  111  9:19  Factory Tech Lab  
  111  9:20  Barracks  
  111  9:21  Barracks  
  111  9:23  Refinery x2  
  111  9:24  Command Center  
  111  9:26  Marine x5  
  111  9:28  Marine x4  
  111  9:30  Supply Depot  
  120  9:32  Medivac x2  
  120  9:42  Siege Tank  
  120  9:43  Marine, Siege Tank  
  120  9:44  Marine x3  
  120  9:45  Terran Infantry Weapons Level 2  
  130  9:49  Terran Infantry Armor Level 2  
  130  9:57  Terran Vehicle Weapons Level 1  
  127  10:13  Marine x6  
  127  10:14  Barracks Reactor x2  
  127  10:15  Barracks Reactor  
  119  10:33  Marine  
  119  10:34  Marine x8  
  128  10:51  Marine x2  
  128  10:55  Marine x4  
  128  10:56  Marine x9  
  143  10:57  Siege Tank x2  
  136  11:13  Marine  
  136  11:14  Marine x11  
  117  11:24  Planetary Fortress  
  108  11:27  Marine  
  108  11:28  Marine x2  
  108  11:29  Cyclone  
  108  11:31  Marine  
  115  11:33  Marine, Refinery  
  115  11:34  Marine x10  
  115  11:35  Medivac  
  128  11:45  Marine x2  
  135  11:55  Command Center  
Show
View Real Time Build Order
Export as new Build Order

Slimer Terran 

Build Orders: 2 Factory 

Get SALT Encoding   

  12  0:01  SCV  
  13  0:13  SCV  
  14  0:17  Supply Depot  
  14  0:25  SCV  
  15  0:29  Refinery  
  15  0:39  SCV  
  16  0:44  Barracks  
  16  0:51  SCV  
  16  0:55  Refinery  
  17  1:03  SCV  
  18  1:15  SCV  
  19  1:31  Orbital Command  
  19  1:32  Reaper  
  20  1:35  Factory  
  20  1:45  Supply Depot  
  20  1:58  SCV  
  21  2:04  Reaper  
  22  2:14  SCV  
  23  2:18  Hellion  
  25  2:36  SCV  
  26  2:40  Factory Tech Lab, Barracks Reactor  
  26  2:41  Factory  
  26  2:51  SCV  
  27  2:52  Command Center  
  27  3:03  SCV  
  28  3:10  Factory Tech Lab  
  28  3:15  SCV  
  29  3:27  SCV  
  29  3:37  Marine x2  
  31  3:44  Starport  
  31  3:48  Command Center  
  31  3:51  Supply Depot x2  
  31  4:04  Siege Tank, SCV  
  31  4:05  Siege Tank  
  38  4:15  Orbital Command  
  38  4:22  Starport Tech Lab  
  38  4:24  SCV  
  39  4:36  Siege Tank, SCV  
  39  4:38  Siege Tank  
  46  4:44  SCV  
  47  4:47  Marine x2  
  35  5:14  Siege Tank, Orbital Command  
  36  5:21  SCV x2  
  37  5:22  Marine, Siege Tank  
  37  5:23  Marine  
  42  5:38  SCV  
  42  5:40  SCV  
  42  5:41  Barracks  
  42  5:42  SCV  
  45  5:43  Starport Reactor  
  45  5:56  Marine x2  
  47  5:58  Barracks  
  47  6:00  Siege Tank  
  50  6:05  SCV  
  50  6:06  SCV x2  
  53  6:18  SCV x3  
  55  6:28  Stimpack  
  55  6:29  Marine  
  55  6:30  Marine, SCV  
  54  6:33  SCV x2  
  54  6:38  Marine  
  57  6:40  Siege Tank  
  57  6:45  SCV x3  
  63  6:47  Marine, Refinery, Barracks Tech Lab  
  63  6:53  Supply Depot x2  
  64  6:54  Engineering Bay  
  64  6:59  SCV x3  
  67  7:04  Refinery  
  67  7:11  SCV x3  
  70  7:18  Marine x2, Combat Shield  
  70  7:19  Marine x2  
  74  7:23  SCV x2, Terran Infantry Weapons Level 1  
  76  7:33  Viking x2  
  80  7:44  SCV x2  
  82  7:52  Marine x3  
  82  7:53  Marine  
  82  7:56  SCV  
  74  8:06  Orbital Command  
  74  8:10  Siege Tank x2  
  73  8:17  Marine x4  
  73  8:18  Viking x2  
  77  8:32  Barracks, Armory  
  77  8:33  Barracks x2  
  77  8:35  Marine x3  
  80  8:42  SCV x3  
  72  8:54  SCV x3  
  69  9:01  Viking x2  
  72  9:05  Marine x4  
  72  9:07  Siege Tank  
  72  9:08  Siege Tank  
  79  9:12  SCV x2  
  81  9:22  Terran Infantry Weapons Level 2  
  81  9:23  Terran Vehicle Weapons Level 1  
  81  9:31  Marine  
  81  9:32  Marine  
  83  9:39  SCV x2  
  83  9:40  SCV  
  83  9:44  Barracks Reactor x3  
  88  9:51  SCV  
  88  9:52  Barracks Reactor, Viking  
  89  9:56  Barracks Reactor  
  89  10:01  SCV  
  89  10:05  Refinery  
  89  10:06  Refinery  
  87  10:14  Marine x2  
  71  10:19  Orbital Command  
  70  10:24  Marine x3  
  70  10:26  Viking x2  
  70  10:27  Siege Tank  
  70  10:28  Marine x3, Refinery  
  81  10:29  Marine  
  81  10:30  Siege Tank, Refinery  
  81  10:31  Marine  
  88  10:41  Marine x2  
  88  10:42  Marine x2  
  89  11:00  Marine x4  
  89  11:01  Marine x2  
  77  11:14  Orbital Command  
  63  11:19  Marine x7  
  63  11:26  Marine x5  
  63  11:27  Siege Tank x2  
  80  11:52  SCV  
  80  11:53  SCV x2  
  83  12:02  Sensor Tower  
  83  12:05  SCV x3  
Tags
 
Add a new tag
Caveats
  • Supply blocks, unpowered buildings, or Contaminate may cause inaccurate times.
  • Supply counts are checked every 10 seconds.